Map: Blackpink LE

Players

Namshar

  • Race: Zerg Zerg
  • Spawn Location: 1:00

Lambo - Winner!

  • Race: Zerg Zerg
  • Spawn Location: 7:00

Event: WCS Leipzig 2018

VOD

Have the link to the VOD?

Description

Time

  • Played on: Jan. 26, 2018, 10:21 a.m.
  • Length: 11:22

All games in this series

Show
View Real Time Build Order
Export as new Build Order

Namshar Zerg 

Build Orders: Hatch First 

Get SALT Encoding   

  12  0:00  Drone  
  13  0:12  Overlord  
  13  0:17  Drone  
  14  0:30  Drone  
  14  0:31  Drone  
  14  0:34  Drone  
  17  0:51  Hatchery  
  17  0:54  Drone  
  17  0:57  Drone  
  17  1:02  Extractor  
  17  1:12  Spawning Pool  
  17  1:15  Drone  
  18  1:18  Drone  
  18  1:28  Drone  
  19  1:38  Overlord  
  19  1:49  Drone  
  20  1:58  Queen  
  20  2:00  Zergling x2  
  23  2:03  Queen  
  23  2:04  Metabolic Boost  
  23  2:05  Zergling x2  
  26  2:11  Drone  
  26  2:14  Drone  
  28  2:21  Drone  
  29  2:25  Drone  
  30  2:34  Hatchery  
  29  2:38  Drone  
  30  2:45  Baneling Nest  
  30  2:46  Drone  
  30  2:51  Overlord  
  30  2:56  Drone  
  30  2:57  Drone  
  32  3:09  Zergling x12  
  38  3:16  Zergling x2  
  38  3:17  Zergling x4  
  41  3:21  Overlord  
  40  3:34  Baneling x2  
  40  3:35  Queen  
  40  3:39  Overlord  
  42  3:41  Baneling x2  
  42  3:50  Zergling x6  
  42  3:51  Zergling x2  
  42  3:52  Drone x3  
  49  4:00  Drone x2  
  50  4:07  Drone x2  
  52  4:11  Overlord  
  52  4:12  Drone x2  
  53  4:18  Drone  
  53  4:22  Roach Warren  
  53  4:23  Evolution Chamber  
  52  4:25  Extractor  
  49  4:33  Zergling x4  
  49  4:34  Zergling x10  
  49  4:35  Zergling x2  
  54  4:40  Zergling x6  
  54  4:42  Zergling x2  
  58  4:51  Baneling x2  
  57  4:57  Drone x6  
  61  5:07  Drone  
  58  5:20  Roach x2  
  58  5:21  Roach x4  
  63  5:30  Roach x3  
  63  5:31  Drone  
  63  5:32  Drone x3  
  71  5:38  Drone x2  
  71  5:42  Extractor x2  
  71  5:43  Roach  
  71  5:46  Overlord x3  
  73  5:57  Zerg Missile Weapons Level 1  
  72  6:06  Drone x4  
  72  6:11  Drone  
  76  6:13  Drone  
  76  6:14  Drone  
  76  6:15  Drone x4  
  81  6:21  Roach x4  
  89  6:26  Overlord x2  
  88  6:35  Lair  
  88  6:41  Overlord x2  
  88  6:44  Roach x4  
  88  6:45  Roach  
  98  6:47  Ravager x2  
  98  6:50  Roach x2  
  103  6:56  Roach  
  105  7:02  Roach  
  105  7:03  Roach x3  
  105  7:05  Overlord x2  
  111  7:13  Roach x4  
  111  7:15  Zergling x4  
  121  7:27  Zergling x14  
  103  7:37  Roach x2  
  103  7:38  Roach x2  
  103  7:41  Zergling x4, Roach  
  103  7:43  Zergling x2, Roach x2  
  106  7:49  Roach x2  
  109  7:52  Roach  
  109  7:56  Roach  
  110  8:00  Roach  
  101  8:08  Roach  
  101  8:09  Roach x2  
  82  8:16  Roach  
  79  8:22  Roach x5  
  79  8:26  Queen  
  87  8:29  Glial Reconstitution  
  85  8:36  Drone x2  
  85  8:37  Drone  
  88  9:01  Drone x6  
  85  9:03  Drone x2  
  84  9:12  Drone x2  
  86  9:22  Overseer  
  86  9:25  Drone x2  
  86  9:28  Drone  
  86  9:29  Drone  
  86  9:31  Queen  
  92  9:41  Drone x2  
  92  9:43  Drone x2  
  96  9:48  Drone x2  
  96  9:50  Drone, Queen  
  101  9:54  Drone  
  101  9:56  Ravager  
  101  9:58  Ravager  
  104  10:02  Drone  
  104  10:03  Drone  
  104  10:06  Overseer  
  106  10:08  Roach  
  106  10:09  Roach  
  102  10:26  Roach x6  
  109  10:28  Drone x2  
  109  10:31  Drone  
  109  10:34  Roach x2  
  115  10:37  Roach  
  115  10:38  Roach  
  119  10:44  Hatchery  
  119  10:46  Roach  
  120  10:56  Roach x3  
Show
View Real Time Build Order
Export as new Build Order

Lambo Zerg - Winner!

Build Orders: Hatch First 

Get SALT Encoding   

  12  0:00  Drone  
  13  0:12  Overlord  
  13  0:17  Drone  
  14  0:31  Drone x2  
  14  0:34  Drone  
  17  0:51  Hatchery  
  17  0:53  Drone  
  17  0:57  Drone  
  18  1:07  Extractor  
  17  1:11  Spawning Pool  
  17  1:14  Drone  
  17  1:18  Drone  
  18  1:29  Drone  
  19  1:42  Overlord  
  19  1:52  Drone  
  20  2:01  Queen  
  20  2:02  Queen  
  20  2:04  Zergling x2  
  20  2:05  Zergling x2  
  20  2:08  Metabolic Boost  
  26  2:12  Drone  
  26  2:14  Drone  
  28  2:23  Drone  
  28  2:27  Drone  
  30  2:35  Drone  
  31  2:37  Hatchery  
  31  2:38  Drone  
  31  2:51  Drone  
  31  2:52  Overlord  
  31  2:57  Drone x2  
  34  3:00  Queen  
  36  3:11  Drone  
  36  3:12  Drone x3  
  40  3:13  Drone  
  40  3:18  Roach Warren  
  40  3:21  Drone  
  40  3:22  Drone x2  
  40  3:25  Drone  
  44  3:32  Overlord  
  44  3:47  Overlord  
  44  3:50  Extractor  
  44  3:51  Zergling x14  
  53  3:55  Zergling x4  
  51  4:04  Extractor  
  51  4:05  Roach  
  51  4:08  Drone  
  52  4:12  Roach  
  52  4:13  Roach x2  
  58  4:18  Roach  
  58  4:24  Evolution Chamber  
  56  4:31  Roach x2  
  56  4:34  Drone  
  58  4:41  Overlord  
  58  4:45  Overlord, Queen  
  58  4:47  Hatchery  
  58  4:52  Zerg Missile Weapons Level 1  
  57  4:55  Drone x2  
  57  4:57  Drone  
  59  5:00  Drone x2  
  59  5:03  Roach  
  63  5:12  Roach, Zergling x6  
  65  5:14  Ravager  
  65  5:15  Ravager  
  65  5:19  Ravager  
  65  5:20  Roach, Zergling x2  
  68  5:25  Roach, Zergling x4  
  65  5:32  Queen  
  62  5:35  Roach x2  
  62  5:41  Roach x3  
  68  5:46  Roach  
  70  5:53  Roach  
  72  5:57  Overlord  
  72  6:02  Roach x5  
  81  6:07  Roach  
  81  6:12  Overlord  
  81  6:13  Overlord  
  81  6:14  Overlord  
  80  6:20  Roach x3  
  80  6:22  Roach  
  87  6:26  Roach  
  87  6:30  Overlord  
  89  6:33  Overlord  
  89  6:34  Zergling x2  
  89  6:35  Zergling x4  
  89  6:38  Zergling x2  
  93  6:41  Ravager x2  
  93  6:42  Zergling x4  
  93  6:45  Zergling x4  
  99  6:49  Ravager  
  99  6:50  Roach, Zergling x2  
  99  6:51  Zergling x2  
  99  6:54  Zergling x4  
  102  6:57  Zergling x2  
  102  6:58  Zergling x2  
  102  7:00  Ravager  
  105  7:01  Zergling x2  
  105  7:06  Zergling x4  
  105  7:08  Ravager, Zergling x2  
  110  7:15  Ravager  
  110  7:16  Zergling x8  
  110  7:17  Zergling x4  
  110  7:22  Zergling x2  
  117  7:29  Zergling x2  
  113  7:36  Zergling x2  
  106  7:42  Zergling x4  
  106  7:43  Ravager, Zergling x2  
  106  7:44  Zergling x4  
  106  7:46  Zergling x8  
  106  7:51  Zergling x6  
  110  7:54  Zergling x2  
  107  7:59  Zergling x2  
  102  8:05  Ravager  
  102  8:08  Zergling x6  
  102  8:12  Zergling x4  
  90  8:15  Lair, Queen  
  62  8:32  Roach x8  
  75  8:39  Roach x2  
  79  8:44  Roach  
  80  8:58  Roach x4  
  80  9:01  Roach x2  
  90  9:08  Roach x3  
  88  9:12  Glial Reconstitution  
  88  9:15  Roach  
  89  9:18  Roach  
  89  9:21  Roach  
  93  9:25  Roach  
  93  9:26  Ravager x2  
  97  9:32  Roach x2  
  100  9:40  Roach x3  
  100  9:44  Roach  
  107  9:49  Roach x2  
  107  9:52  Roach  
  113  9:56  Roach  
  113  9:58  Roach  
  117  10:02  Roach, Overlord  
  117  10:05  Roach  
  121  10:09  Roach  
  121  10:12  Roach  
  119  10:17  Roach  
  113  10:23  Roach x2  
  113  10:28  Roach x3  
  121  10:32  Zergling x6  
  121  10:35  Roach  
  126  10:38  Roach  
  126  10:40  Roach  
  126  10:42  Roach  
  132  10:45  Roach  
  134  10:51  Roach x2  
  136  10:58  Roach  
  136  11:02  Roach  
  136  11:03  Roach  
Tags
 
Add a new tag
Caveats
  • Supply blocks, unpowered buildings, or Contaminate may cause inaccurate times.
  • Supply counts are checked every 10 seconds.